 Dungeon Crawl Stone Soup version 0.23-a0-141-g456867d (webtiles) character file.

1453815 iamserjio the Slayer (level 27, 177/189 HPs)
             Began as a Tengu Wanderer on Aug 31, 2018.
             Was the Champion of Dithmenos.
             Escaped with the Orb
             ... and 3 runes!
             The game lasted 05:11:26 (97676 turns).

iamserjio the Slayer (Tengu Wanderer)              Turns: 97676, Time: 05:11:27

Health: 177/189    AC: 28    Str: 26    XL:     27
Magic:  23/36      EV: 31    Int: 15    God:    Dithmenos [******]
Gold:   1775       SH: 16    Dex: 19    Spells: 9/42 levels left

rFire    + + +     SeeInvis +   X - +7 demon blade (elec)
rCold    . . .     Gourm    .   h - +1 shield {rF+}
rNeg     . . .     Faith    .   S - +8 fire dragon scales
rPois    +         Spirit   .   (helmet restricted)
rElec    .         Reflect  .   d - +2 cloak {MR+}
rCorr    +         Harm     .   k - +2 pair of gloves {Str+3}
MR       +++..                  (boots unavailable)
Stlth    +++.......             L - amulet "Toosmep" {Acrobat Str+2 Int+3 Stlth+}
HPRegen  0.41/turn              H - ring of Hyteshatz {rCorr rPois rF+ rC+}
MPRegen  0.25/turn              q - ring of see invisible

@: flying quickly and evasively, very slightly contaminated, wreathed by umbra,
quick
A: beak, talons 3, yellow scales 1, deformed body, fire resistance 1, mutation
resistance 1, able to fly 2, sturdy frame 1
0: Orb of Zot
}: 3/15 runes: serpentine, barnacled, slimy
a: Stop Flying, Shadow Step, Shadow Form, Renounce Religion


You escaped.
You worshipped Dithmenos.
Dithmenos was exalted by your worship.
You were not hungry.

You visited 11 branches of the dungeon, and saw 55 of its levels.
You also visited: Labyrinth, Ice Cave and Volcano.

You collected 7634 gold pieces.
You spent 5859 gold pieces at shops.

Inventory:

Hand Weapons
 i - a +9 vampiric great sword
 p - the +9 great sword of Riwaow {freeze, Int+6 Stlth-}
   (You took it off a yellow draconian on level 5 of the Realm of Zot)

   It has been specially enchanted to freeze those struck by it, causing extra
   injury to most foes and up to half again as much damage against particularly
   susceptible opponents.
   It can also slow down cold-blooded creatures.
   It affects your intelligence (+6).
   It makes you less stealthy.
 U - the +3 great sword of Lefujuk {drain, rElec Str+4 SInv}
   (You found it on level 2 of the Lair of Beasts)

   A truly terrible weapon, it drains the life of those it strikes.
   It affects your strength (+4).
   It insulates you from electricity.
   It lets you see invisible.
 X - a +7 demon blade of electrocution (weapon)
Missiles
 c - 22 throwing nets (quivered) {!f}
 n - 23 javelins of penetration
Armour
 a - quicksilver dragon scales
 b - a scarf of repulsion
 d - a +2 cloak of magic resistance (worn)
 h - a +1 shield of fire resistance (worn)
 k - a +2 pair of gloves of strength (worn)
 P - the +1 cloak "Leroxtet" {*Corrode rF++ Dex+4}
   (You found it on level 1 of the Depths)

   It affects your dexterity (+4).
   It greatly protects you from fire.
   It may corrode you when you take damage.
 S - +8 fire dragon scales (worn)
Jewellery
 e - the ring "Qoila" {Ice Slay+3 Stlth+}
   (You found it on level 5 of the Pits of Slime)

   [ring of ice]

   It enhances your ice magic.
   It affects your accuracy and damage with ranged weapons and melee attacks
   (+3).
   It makes you vulnerable to fire.
   It protects you from cold.
   It makes you more stealthy.
 q - a ring of see invisible (right hand)
 v - an uncursed ring of resist corrosion
 C - an uncursed ring of protection from magic
 H - the ring of Hyteshatz (left hand) {rCorr rPois rF+ rC+}
   (You took it off a draconian annihilator on level 1 of the Realm of Zot)

   [ring of resist corrosion]

   It protects you from fire.
   It protects you from cold.
   It protects you from poison.
 L - the amulet "Toosmep" (around neck) {Acrobat Str+2 Int+3 Stlth+}
   (You took it off a deep elf mage on level 3 of the Elven Halls)

   [amulet of the acrobat]

   It helps you evade while moving and waiting.
   It affects your strength (+2).
   It affects your intelligence (+3).
   It makes you more stealthy.
 T - a +5 ring of evasion
Wands
 g - a wand of paralysis (15)
 m - a wand of digging (2)
 w - a wand of scattershot (6)
 B - a wand of acid (22)
 I - a wand of iceblast (53)
Scrolls
 o - 2 scrolls of immolation
 s - 2 scrolls of teleportation
 t - 3 scrolls of fear
 z - 6 scrolls of fog
 J - 6 scrolls of remove curse {@r2}
 Q - 6 scrolls of silence
 R - a scroll of summoning
Potions
 u - 2 potions of mutation
 x - a potion of resistance
 A - 7 potions of magic
 D - 3 potions of curing {@q1}
 K - 3 potions of berserk rage
 M - 2 potions of cancellation
 V - 6 potions of brilliance
Miscellaneous
 j - a lightning rod (4/4)
 r - a fan of gales
 y - a lamp of fire
 E - a phial of floods
 F - a box of beasts
Comestibles
 f - 15 rations


   Skills:
 + Level 23.7 Fighting
   Level 4.3(12.8) Short Blades
 - Level 18.0(18.1) Long Blades
   Level 2.1 Axes
 - Level 13.0 Throwing
 - Level 18.0 Armour
 - Level 20.0 Dodging
 - Level 10.0 Stealth
 - Level 15.0 Shields
 - Level 8.0 Spellcasting
 - Level 15.0 Summonings
 - Level 3.0 Necromancy
 - Level 4.0 Translocations
 - Level 2.0 Transmutations
 * Level 10.6 Invocations
 - Level 6.0 Evocations


You had 9 spell levels left.
You knew the following spells:

 Your Spells              Type           Power        Failure   Level  Hunger
a - Apportation           Tloc           ###...       3%          1    None
b - Animate Skeleton      Necr           N/A          5%          1    None
c - Passwall              Tmut/Erth      #.......     19%         2    None
d - Swiftness             Chrm/Air       #.......     26%         2    None
e - Blink                 Tloc           N/A          5%          2    None
f - Summon Forest         Summ/Tloc      ####......   10%         5    #####..
g - Shadow Creatures      Summ           N/A          6%          6    #######
h - Aura of Abjuration    Summ           ######....   1%          5    #####..
i - Regeneration          Chrm/Necr      ##........   28%         3    ##.....
j - Summon Demon          Summ           ######....   1%          5    #####..
k - Summon Butterflies    Summ           ######..     1%          1    None

Your spell library contained the following spells:

 Spells                   Type           Power        Failure   Level  Hunger
 Summon Small Mammal      Summ           ####         1%          1    None
 Call Imp                 Summ           ######..     1%          2    None
 Call Canine Familiar     Summ           ######..     1%          3    ##.....
 Recall                   Summ/Tloc      N/A          1%          3    ##.....
 Summon Guardian Golem    Hex/Summ       ####....     2%          3    ##.....
 Pain                     Necr           ###.         5%          1    None
 Beastly Appendage        Tmut           ##....       8%          1    None
 Corpse Rot               Necr           N/A          8%          2    None
 Sublimation of Blood     Necr           ###.......   8%          2    None
 Summon Ice Beast         Ice/Summ       ####....     9%          4    ####...
 Summon Lightning Spire   Summ/Air       ####....     9%          4    ####...
 Gell's Gravitas          Tloc           ###.......   11%         3    ##.....
 Sticks to Snakes         Tmut           ##......     12%         2    None
 Vampiric Draining        Necr           ###.......   16%         3    ##.....
 Confusing Touch          Hex            #.....       19%         1    None
 Flame Tongue             Conj/Fire      #....        19%         1    None
 Freeze                   Ice            #...         19%         1    None
 Infusion                 Chrm           #...         19%         1    None
 Magic Dart               Conj           #...         19%         1    None
 Sandblast                Erth           #.....       19%         1    None
 Shock                    Conj/Air       #...         19%         1    None
 Summon Mana Viper        Hex/Summ       ####....     22%         5    #####..
 Portal Projectile        Hex/Tloc       ##....       24%         3    ##.....
 Ensorcelled Hibernation  Hex/Ice        #.....       26%         2    None
 Searing Ray              Conj           #.....       26%         2    None
 Slow                     Hex            #.......     26%         2    None
 Throw Flame              Conj/Fire      #.....       26%         2    None
 Throw Frost              Conj/Ice       #.....       26%         2    None
 Summon Hydra             Summ           ######....   32%         7    #######
 Spider Form              Tmut/Pois      #.........   34%         3    ##.....
 Ignite Poison            Fire/Tmut/Pois #.......     38%         3    ##.....
 Animate Dead             Necr           N/A          45%         4    ####...
 Confuse                  Hex            #.......     47%         3    ##.....
 Conjure Flame            Conj/Fire      #.......     47%         3    ##.....
 Dazzling Spray           Conj/Hex       #.....       47%         3    ##.....
 Inner Flame              Hex/Fire       #.......     47%         3    ##.....
 Mephitic Cloud           Conj/Pois/Air  #.......     47%         3    ##.....
 Ozocubu's Armour         Chrm/Ice       #.......     47%         3    ##.....
 Static Discharge         Conj/Air       #.......     47%         3    ##.....
 Stone Arrow              Conj/Erth      #.....       47%         3    ##.....
 Tukima's Dance           Hex            #.......     47%         3    ##.....
 Force Lance              Conj/Tloc      ##......     61%         4    ####...
 Ice Form                 Ice/Tmut       #.......     75%         4    ####...
 Petrify                  Tmut/Erth      #.......     75%         4    ####...
 Agony                    Necr           ###.....     82%         5    #####..
 Dispel Undead            Necr           ###.....     82%         5    #####..
 Airstrike                Air            #.........   87%         4    ####...
 Fulminant Prism          Conj/Hex       #.........   87%         4    ####...
 Iskenderun's Mystic Bla  Conj           #.......     87%         4    ####...
 Leda's Liquefaction      Hex/Erth       #.........   87%         4    ####...
 Sticky Flame             Conj/Fire      #.......     87%         4    ####...
 Throw Icicle             Conj/Ice       #.......     87%         4    ####...
 Blade Hands              Tmut           ##........   91%         5    #####..
 Bolt of Draining         Conj/Necr      ##........   95%         5    #####..
 Borgnjor's Vile Clutch   Necr/Erth      ##........   95%         5    #####..
 Excruciating Wounds      Chrm/Necr      ##........   95%         5    #####..
 Alistair's Intoxication  Tmut/Pois      #.......     97%         5    #####..
 Irradiate                Conj/Tmut      #.........   97%         5    #####..
 Bolt of Magma            Conj/Fire/Erth #.........   99%         5    #####..
 Fireball                 Conj/Fire      #.........   99%         5    #####..
 Lee's Rapid Deconstruct  Erth           #.........   99%         5    #####..
 Lightning Bolt           Conj/Air       #.........   99%         5    #####..
 Metabolic Englaciation   Hex/Ice        #.........   99%         5    #####..
 Silence                  Hex/Air        #.........   99%         5    #####..
 Dispersal                Tloc           ###.......   99%         6    #######
 Bolt of Cold             Conj/Ice       #.........   100%        6    #######
 Bolt of Fire             Conj/Fire      #.........   100%        6    #######
 Conjure Ball Lightning   Conj/Air       #.........   100%        6    #######
 Darkness                 Hex            #.........   100%        6    #######
 Death Channel            Necr           ###.......   100%        6    #######
 Deflect Missiles         Chrm/Air       #.........   100%        6    #######
 Freezing Cloud           Conj/Ice/Air   #.........   100%        6    #######
 Hydra Form               Tmut           ##........   100%        6    #######
 Iron Shot                Conj/Erth      #.........   100%        6    #######
 Ozocubu's Refrigeration  Ice            #.........   100%        6    #######
 Simulacrum               Ice/Necr       ##........   100%        6    #######
 Statue Form              Tmut/Erth      #........    100%        6    #######
 Dragon Form              Tmut           ##........   100%        7    #######
 Ring of Flames           Chrm/Fire      #.........   100%        7    #######
 Controlled Blink         Tloc           N/A          100%        8    #######
 Disjunction              Tloc           ###.......   100%        8    #######
 Ignition                 Fire           #.........   100%        8    #######
 Shatter                  Erth           #.........   100%        9    #######
 Tornado                  Air            #.........   100%        9    #######


Dungeon Overview and Level Annotations

Branches:
Dungeon (15/15)            Temple (1/1) D:7            Lair (6/6) D:8
 Shoals (4/4) Lair:4        Snake (4/4) Lair:3        Slime (5/5) Lair:6
    Orc (2/2) D:10            Elf (3/3) Orc:2        Vaults (5/5) D:14
  Crypt (0/3) Vaults:3     Depths (5/5) D:15            Zot (5/5) Depths:5

Altars:
Ashenzari
Cheibriados
Dithmenos
Elyvilon
Fedhas
Gozag
Hepliaklqana
Kikubaaqudgha
Makhleb
Nemelex Xobeh
Okawaru
Qazlal
Ru
Sif Muna
Trog
Uskayaw
Vehumet
Wu Jian
Xom
Yredelemnul
Zin
The Shining One
Beogh
Jiyva

Shops:
Orc:2 *[=(   Elf:2 *   Elf:3 }}=   Shoals:3 ?   Snake:1 (   Snake:2 %
Vaults:1 ?   Vaults:3 [   Depths:2 =

Portals:
Hell: Depths:1 Depths:2 Depths:3 Depths:4 Depths:5
Abyss: Depths:4
Pandemonium: Depths:2 Depths:3
Ziggurat: Depths:4
Trove: Vaults:1 (give 4 potions of resistance)

Annotations:
Depths:4 1 exclusion
Zot:5 1 exclusion


Innate Abilities, Weirdness & Mutations

You have a beak for a mouth.
You have claws for feet.
You can fly continuously.
You are partially covered in yellow scales. (AC +2)
Armour fits poorly on your strangely shaped body.
Your flesh is heat resistant. (rF+)
You are somewhat resistant to further mutation.
Your movements are slightly less encumbered by armour. (ER -2)


Message History

A lorocyproca comes into view.
The lorocyproca completely misses you.
You riposte.
You hit the lorocyproca but do no damage.
The lorocyproca is moderately wounded.
The smoke demon roars!
You hear a roar! x2
There is an open door here.
The smoke demon roars! x2
The lorocyproca is engulfed in blazing flames.
The efreet gestures at you.
The bolt of fire hits the lorocyproca.
The lorocyproca resists.
The bolt of fire misses you. The efreet gestures at you.
The fireball explodes!
The fireball engulfs the lorocyproca.
The lorocyproca resists.
There is a staircase leading out of the dungeon here.
The efreet gestures at you.
The fireball explodes!
The fireball engulfs the lorocyproca.
The lorocyproca resists.
There is a staircase leading out of the dungeon here.
You have escaped!

##..##.##### #.# #......#
########## .##.#### ##≈§§≈§§≈≈##
###.# #≈§§§§§≈≈≈≈# ..#.#
#§§#§§≈≈#≈≈### #.#.##
###≈≈§3§§§§≈≈#.# #######
#....####.#§34334≈§≈≈#.## #......
#.[.......############..###.#####
#........4§R...2@....#...##.# ##
#........#############..###.# #.
##...#..§##≈≈§§§§§≈§§#......# #.
######...##≈≈§§§§§§§≈#.###### #.
# #...##§§#§≈§§#§§#.##### #. #
#..4.#§§≈≈§§§§§§#.....#####.
######...###§§§§§≈§§##.##.....##.
...........##########...#.....##.
.....................#.......)###


You could see a lorocyproca (invisible), a hellwing, a smoke demon, an efreet
and a chaos spawn.

Vanquished Creatures
  the Royal Jelly (Slime:5)
  Dissolution (Slime:2)
  4 orbs of fire (Zot:5)
  2 ancient liches (Zot:5)
  Saint Roka (Snake:4)
  A pandemonium lord (D:6)
  4 Killer Klowns (Zot:5)
  Vashnia (Snake:3)
  5 golden dragons
  the Enchantress (Depths:5)
  2 electric golems (Zot:5)
  6 tentacled monstrosities
  A lich (Depths:4)
  27 Orb Guardians
  Asterion (Vaults:2)
  2 deep elf master archers (Elf:3)
  3 quicksilver dragons
  A titan (Depths:5)
  A kraken (Shoals:1)
  4 death cobs
  3 deep elf blademasters (Elf:2)
  2 Executioners
  Polyphemus (Shoals:4)
  13 acid blobs
  4 sphinxes
  2 shadow dragons
  Kirke (D:14)
  Ilsuiw (Shoals:4)
  5 tengu reavers
  Roxanne (Snake:3)
  6 draconian monks
  7 storm dragons
  11 nagarajas
  6 fire giants
  8 azure jellies
  6 iron dragons
  6 deep elf sorcerers
  2 vault wardens
  2 frost giants
  2 draconian knights (Zot:5)
  A balrug (Depths:1)
  Louise (Depths:4)
  3 draconian shifters
  A ghost moth (Zot:5)
  A curse skull (Vaults:2)
  6 draconian scorchers
  The ghost of EmperorV the Champion of Chaos, a journeyman DDFi of Makhleb (Snake:3)
  3 orc warlords
  20 stone giants
  9 draconian annihilators
  3 draconian stormcallers
  5 deep elf elementalists
  8 ironheart preservers
  A war gargoyle (Vaults:3)
  15 very ugly things
  2 entropy weavers
  4 spriggan defenders
  3 vampire knights
  6 green draconians
  4 deep elf demonologists
  9 black draconians
  A minotaur (Lab)
  Nessos (D:15)
  3 purple draconians (Zot:1)
  8 red draconians
  A dire elephant (shapeshifter) (Depths:2)
  6 white draconians
  5 spark wasps
  5 deep elf annihilators
  9 yellow draconians
  A green death (D:6)
  8 deep elf death magi
  A blizzard demon (Depths:1)
  4 merfolk javelineers
  7 ettins
  Snorg (Lair:4)
  3 death oozes
  13 great orbs of eyes
  The ghost of CcS the Destroyer, a journeyman DEFE of Vehumet (Lair:5)
  8 fire dragons
  3 jiangshi (Depths:2)
  Erolcha (D:11)
  11 ogre magi
  Josephine (D:11)
  3 merfolk impalers
  8 yaktaur captains
  3 deep elf high priests
  14 ice dragons
  Harold (D:11)
  11 naga warriors
  6 rakshasas
  5 spriggan air magi
  22 vault guards
  8 hydras
  4 merfolk avatars
  A catoblepas (Shoals:4)
  2 death knights
  10 centaur warriors
  An alligator snapping turtle (Shoals:4)
  11 anacondas
  23 two-headed ogres
  9 merfolk aquamancers
  5 tengu warriors
  3 hell hogs (Depths:1)
  3 satyrs
  5 deep troll earth magi
  29 dancing weapons
  6 deep troll shamans
  4 vampire magi
  3 death yaks
  3 orc high priests (Orc:2)
  Urug (Orc:2)
  9 deep elf knights
  6 spriggan berserkers
  5 shock serpents
  13 naga sharpshooters
  2 sun demons (Depths:1)
  A soul eater (D:6)
  10 spriggans
  16 hell knights
  A titan skeleton (Depths:1)
  Sonja (Orc:2)
  A shadow wraith (Vaults:4)
  3 salamander mystics
  3 wizards
  2 sixfirhies
  13 sea snakes
  2 skeletal warriors (Vaults:3)
  An unseen horror (shapeshifter) (Depths:4)
  4 iron trolls
  15 deep trolls
  10 glowing orange brains
  An infernal demonspawn (Depths:2)
  A swamp dragon (Lair:6)
  12 orc knights
  17 deep elf archers
  15 ironbrand convokers
  52 deep elf magi
  A harpy (shapeshifter) (Depths:1)
  3 unseen horrors
  3 phantasmal warriors
  8 naga ritualists
  8 harpies
  A shining eye (Slime:4)
  9 mana vipers
  8 necromancers
  54 ugly things
  3 wolf spiders
  A salamander (shapeshifter) (Vaults:2)
  5 orc sorcerers
  A manticore (shapeshifter) (Vaults:2)
  14 manticores
  7 cyclopes
  10 fauns
  11 salamanders
  3 moths of wrath (Zot:5)
  3 guardian serpents
  11 merfolk sirens
  Maurice (D:9)
  2 molten gargoyles (Volcano)
  6 eyes of devastation
  20 naga magi
  2 smoke demons (Depths:1)
  4 ice statues (IceCv)
  6 rust devils
  4 spiny frogs
  4 water nymphs
  36 black mambas
  4 gargoyles
  A storm dragon simulacrum (Vaults:2)
  8 vault sentinels
  A torpor snail (Lair:5)
  5 kobold demonologists
  A hellion (Depths:2)
  A rime drake (shapeshifter) (Vaults:3)
  2 rime drakes
  35 yaktaurs
  2 efreet
  12 komodo dragons
  A minotaur zombie (Lab)
  3 freezing wraiths
  A golden dragon simulacrum (Depths:1)
  A polar bear (shapeshifter) (Depths:4)
  3 tengu conjurers
  13 trolls
  12 ice devils
  5 hellwings
  34 merfolk
  A queen bee (shapeshifter) (Depths:4)
  A red devil (Depths:2)
  2 jumping spiders (Vaults:4)
  A troll (shapeshifter) (Vaults:2)
  6 meliai
  9 polar bears (Lair:6)
  2 wind drakes
  8 hornets
  A meliai zombie (D:11)
  2 raiju (Lair:6)
  3 hippogriffs
  142 slime creatures
  5 snapping turtles
  6 blink frogs
  A spriggan zombie (Depths:1)
  13 dream sheep
  A vampire (D:13)
  4 air elementals
  3 redbacks
  7 wraiths
  15 water elementals
  A yak (shapeshifter) (Vaults:1)
  A shadow (D:15)
  A ynoxinul (D:3)
  7 wyverns
  A tarantella (shapeshifter) (Vaults:2)
  6 basilisks
  A fire bat (Volcano)
  16 golden eyes
  A hog (shapeshifter) (Vaults:2)
  17 humans (D:14)
  22 yaks
  4 hungry ghosts
  5 fire elementals
  2 chaos spawn
  5 hogs (D:14)
  A large abomination (Zot:2)
  4 steam dragons (Lair:6)
  Menkaure (D:7)
  13 wargs
  3 acid dragons
  54 nagas
  16 water moccasins
  18 hell hounds
  A porcupine (shapeshifter) (Elf:2)
  A swamp drake (D:10)
  2 floating eyes (Depths:3)
  9 porcupines
  13 black bears
  37 orc warriors
  6 sky beasts
  30 ogres
  5 ice beasts
  2 necrophages
  2 phantoms (D:12)
  4 eyes of draining
  An ice beast (shapeshifter) (Elf:3)
  12 boggarts
  23 wolves
  37 centaurs
  15 crocodiles
  3 big kobolds (D:8)
  A gnoll sergeant (D:10)
  2 earth elementals
  19 bullfrogs
  2 scorpions
  A human simulacrum (Vaults:1)
  10 killer bees
  10 wights
  4 electric eels
  2 howler monkeys
  4 centaur zombies
  19 crimson imps
  2 bullfrog zombies
  7 lava snakes (Volcano)
  A quasit (D:10)
  3 centaur skeletons
  2 draconian simulacra (IceCv)
  2 bullfrog skeletons
  16 jellies
  A gnoll shaman (Orc:1)
  8 hounds
  27 orc priests
  30 orc wizards
  2 iron imps (Depths:2)
  4 iguanas
  Natasha (D:2)
  3 troll simulacra (IceCv)
  6 worker ants
  3 centaur simulacra (IceCv)
  A hound skeleton (D:8)
  A worker ant zombie (D:9)
  16 gnolls
  10 adders
  A naga simulacrum (IceCv)
  An ogre simulacrum (IceCv)
  11 shadow imps
  7 white imps (Depths:1)
  2 ufetubi (Depths:2)
  An ooze (D:7)
  An adder zombie (D:9)
  5 worms
  2 dart slugs (D:1)
  6 leopard geckos
  109 orcs
  4 bats
  17 giant cockroaches
  7 hobgoblins
  19 jackals
  10 kobolds
  5 quokkas
  3 ball pythons
  6 frilled lizards
  A goblin (D:2)
  3 leopard gecko skeletons
  A quokka skeleton (D:6)
  A quokka zombie (D:8)
  9 rats
  A butterfly (D:7)
  A fire vortex (Depths:5)
  A plant (Lair:1)
  3 tentacles (Shoals:1)
2274 creatures vanquished.

Vanquished Creatures (collateral kills)
  An ancient lich (Zot:5)
  2 acid blobs (Slime:5)
  A death cob (Zot:5)
  A sphinx (Depths:1)
  A storm dragon (Zot:5)
  A draconian annihilator (Zot:5)
  A very ugly thing (Depths:1)
  A stone giant (Depths:2)
  A death ooze (Slime:5)
  An ettin (Depths:1)
  A merfolk impaler (Shoals:2)
  A merfolk avatar (Shoals:1)
  A naga sharpshooter (Snake:3)
  A sea snake (Shoals:4)
  A necromancer (Depths:1)
  A harpy (Shoals:4)
  3 shining eyes
  A manticore (shapeshifter) (Depths:5)
  2 fauns
  4 manticores
  2 merfolk sirens (Shoals:4)
  A vault sentinel (Vaults:3)
  A black mamba (Snake:2)
  A freezing wraith (Vaults:3)
  An elf skeleton (Depths:1)
  A merfolk (Shoals:1)
  10 slime creatures
  A spriggan skeleton (Depths:1)
  A water elemental (Shoals:1)
  3 nagas (Snake:2)
  3 hell hounds (Depths:1)
  A jelly (Slime:1)
  5 plants
58 creatures vanquished.

Vanquished Creatures (others)
  A vampire knight (Depths:4)
  A merfolk javelineer (Shoals:4)
  An ironbrand convoker (Vaults:4)
  2 moths of wrath (Zot:5)
  A water elemental (Shoals:2)
  A golden eye (Slime:2)
  A naga (Snake:1)
  An ogre (Depths:2)
  An iguana (D:14)
  An orc (D:10)
  2 fungi (Lair:5)
  47 plants
  4 tentacles (Shoals:1)
64 creatures vanquished.

Grand Total: 2396 creatures vanquished

Notes
Turn   | Place    | Note
-------+----------+-------------------------------------------
     0 | D:1      | iamserjio the Tengu Wanderer began the quest for the Orb.
     0 | D:1      | iamserjio set off with: a +2 short sword, 11 poisoned
                  | needles, a +0 blowgun, a +0 robe, a ration
     0 | D:1      | Reached XP level 1. HP: 14/14 MP: 3/3
   146 | D:1      | Reached skill level 1 in Dodging
   163 | D:1      | Reached XP level 2. HP: 19/19 MP: 4/4
   770 | D:2      | Reached XP level 3. HP: 19/23 MP: 5/5
   920 | D:2      | Noticed Natasha
  1660 | D:2      | Found a hazy altar of Hepliaklqana.
  2707 | D:3      | Reached XP level 4. HP: 26/28 MP: 6/6
  3302 | D:3      | Gained mutation: You can fly. [Tengu growth]
  3302 | D:3      | Reached XP level 5. HP: 33/33 MP: 7/7
  3323 | D:3      | Found a faded altar of an unknown god.
  3337 | D:3      | Reached skill level 4 in Fighting
  3913 | D:2      | Killed Natasha
  4158 | D:3      | Reached XP level 6. HP: 28/38 MP: 4/8
  5276 | D:4      | Found a bloodstained altar of Trog.
  5613 | D:5      | Entered Level 5 of the Dungeon
  5613 | D:5      | Noticed an ice beast
  5639 | D:5      | Reached skill level 5 in Dodging
  5639 | D:5      | Reached XP level 7. HP: 39/44 MP: 6/9
  5644 | D:5      | Reached skill level 5 in Fighting
  6058 | D:5      | Reached skill level 6 in Fighting
  6158 | D:5      | Reached XP level 8. HP: 44/51 MP: 10/10
  6358 | D:5      | Got a translucent hand axe {freeze}
  6572 | D:5      | Identified the +6 hand axe of Resumed Hostilities {freeze,
                  | Str+7 Stlth-} (You took it off a gnoll on level 5 of the
                  | Dungeon)
  6665 | D:6      | Reached skill level 7 in Fighting
  7053 | D:6      | Reached skill level 8 in Fighting
  7097 | D:6      | Reached skill level 1 in Shields
  7681 | D:6      | Found a radiant altar of Vehumet.
  7732 | D:6      | Reached XP level 9. HP: 55/59 MP: 11/11
  7937 | D:6      | Noticed a brown ugly thing
  8240 | D:7      | Noticed Menkaure
  8259 | D:7      | Killed Menkaure
  8432 | D:7      | Reached skill level 1 in Axes
  8457 | D:7      | Found a white marble altar of Elyvilon.
  8513 | D:7      | Reached skill level 1 in Armour
  8624 | D:7      | Found a staircase to the Ecumenical Temple.
  8637 | Temple   | Entered the Ecumenical Temple
  8783 | Temple   | Became a worshipper of Dithmenos the Shadowed
  9264 | D:7      | Found a snail-covered altar of Cheibriados.
  9276 | D:7      | Found an opulent altar of Gozag.
  9476 | D:6      | Reached skill level 5 in Armour
  9486 | D:6      | Reached skill level 1 in Evocations
  9941 | D:8      | Reached XP level 10. HP: 64/64 MP: 12/12
 10034 | D:8      | Found a staircase to the Lair.
 10197 | D:8      | Reached * piety under Dithmenos
 10425 | D:8      | Reached skill level 1 in Invocations
 10579 | D:8      | Noticed a three-headed hydra
 10586 | D:8      | Killed a one-headed hydra
 10607 | D:8      | Learned a level 1 spell: Apportation
 11188 | D:8      | Reached skill level 1 in Long Blades
 11954 | D:9      | Noticed Maurice
 12047 | D:9      | Killed Maurice
 12047 | D:9      | Reached skill level 10 in Dodging
 12047 | D:9      | Reached XP level 11. HP: 68/68 MP: 15/15
 12291 | D:9      | Reached ** piety under Dithmenos
 12673 | D:10     | Entered Level 10 of the Dungeon
 12693 | D:10     | Reached skill level 5 in Long Blades
 13021 | D:10     | Killed an unseen horror
 13540 | D:10     | Found a runed door.
 13540 | D:10     | Noticed a two-headed ogre
 13557 | D:10     | Killed a two-headed ogre
 13918 | D:10     | Noticed a two-headed ogre
 14146 | D:10     | Killed a two-headed ogre
 14398 | D:10     | Found a staircase to the Orcish Mines.
 14528 | D:10     | Reached *** piety under Dithmenos
 14861 | D:11     | Noticed a two-headed ogre
 14872 | D:11     | Killed a two-headed ogre
 14872 | D:11     | Reached skill level 10 in Long Blades
 15048 | D:11     | Noticed Harold
 15150 | Lair:1   | Entered Level 1 of the Lair of Beasts
 15406 | Lair:1   | Reached XP level 12. HP: 73/73 MP: 14/16
 15558 | Lair:1   | Noticed a six-headed hydra
 15568 | Lair:1   | Killed a three-headed hydra
 16523 | Lair:2   | Reached skill level 9 in Fighting
 17172 | Lair:2   | Got a shimmering great sword
 17195 | Lair:2   | Identified the cursed +3 great sword of Lefujuk {drain,
                  | rElec Str+4 SInv} (You found it on level 2 of the Lair of
                  | Beasts)
 17807 | Lair:3   | Found a staircase to the Snake Pit.
 17861 | Lair:3   | Reached **** piety under Dithmenos
 18326 | Lair:4   | Noticed Snorg
 18552 | Lair:4   | Killed Snorg
 18570 | Lair:4   | Reached XP level 13. HP: 71/82 MP: 17/17
 18613 | Lair:4   | Found a dark tunnel.
 18666 | Volcano  | Entered a volcano
 18878 | Volcano  | Reached skill level 10 in Fighting
 19228 | Volcano  | Found a radiant altar of Vehumet.
 19297 | Volcano  | Noticed a stone giant
 19629 | Volcano  | Killed a stone giant
 19629 | Volcano  | Reached skill level 5 in Evocations
 19840 | Lair:4   | Found a staircase to the Shoals.
 21403 | Lair:6   | Entered Level 6 of the Lair of Beasts
 21416 | Lair:6   | Found a runed door.
 21416 | Lair:6   | Found a shimmering altar of Xom.
 21416 | Lair:6   | Noticed CcS's ghost (journeyman DEFE)
 21811 | Lair:6   | Found a viscous altar of Jiyva.
 21811 | Lair:6   | Found a staircase to the Slime Pits.
 22115 | Lair:6   | Reached ***** piety under Dithmenos
 22200 | Lair:6   | Reached skill level 11 in Fighting
 22244 | Lair:6   | Noticed a fire dragon
 22255 | Lair:6   | Killed a fire dragon
 22711 | Lair:6   | Gained mutation: You can fly continuously. [Tengu growth]
 22711 | Lair:6   | Reached XP level 14. HP: 85/91 MP: 19/19
 22739 | Lair:6   | Reached skill level 12 in Fighting
 22778 | Lair:6   | Reached skill level 5 in Invocations
 23745 | D:11     | Killed Harold
 24007 | D:11     | Noticed Josephine
 24020 | D:11     | Killed Josephine
 24414 | D:11     | Reached ****** piety under Dithmenos
 24452 | D:11     | Noticed Erolcha
 24496 | D:11     | Paralysed by Erolcha for 4 turns
 24500 | D:11     | Killed Erolcha
 25229 | D:12     | Found a frozen archway.
 25252 | IceCv    | Entered an ice cave
 26811 | D:13     | Found a runed door.
 27500 | D:13     | Reached XP level 15. HP: 91/96 MP: 21/21
 28784 | D:14     | Found a sparkling altar of Nemelex Xobeh.
 28796 | D:14     | Found a labyrinth entrance.
 28804 | Lab      | Entered a labyrinth
 29377 | Lab      | Got a silken robe
 29388 | Lab      | Identified the cursed +1 robe "Goeguu Ytru" {Int+4} (You
                  | found it in a labyrinth)
 29982 | D:14     | Noticed Kirke
 30009 | D:14     | Killed Kirke
 30067 | D:14     | Found a radiant altar of Vehumet.
 30502 | D:14     | Reached skill level 15 in Long Blades
 30591 | D:14     | Found a gate to the Vaults.
 30616 | D:14     | Reached skill level 15 in Dodging
 31012 | D:15     | Entered Level 15 of the Dungeon
 31022 | D:15     | Noticed Nessos
 31027 | D:15     | Killed Nessos
 31331 | D:15     | Paralysed by an orc sorcerer for 2 turns
 31596 | D:15     | Found a staircase to the Depths.
 31596 | D:15     | Noticed a fire giant
 31611 | D:15     | Killed a fire giant
 32664 | Orc:1    | Entered Level 1 of the Orcish Mines
 32950 | Orc:2    | Entered Level 2 of the Orcish Mines
 32995 | Orc:2    | Noticed Urug
 33005 | Orc:2    | Killed Urug
 33276 | Orc:2    | Found a staircase to the Elven Halls.
 33287 | Orc:2    | Noticed Sonja
 33294 | Orc:2    | Killed Sonja
 33294 | Orc:2    | Reached XP level 16. HP: 101/101 MP: 23/23
 34260 | Orc:2    | Found Heqov's General Store.
 34264 | Orc:2    | Found Ytuhoe's Jewellery Shoppe.
 34266 | Orc:2    | Found Vousomya's Antique Armour Shoppe.
 34266 | Orc:2    | Found Akhing's Antique Weapon Emporium.
 34271 | Orc:2    | Bought a scroll of blinking for 112 gold pieces
 34271 | Orc:2    | Bought a scroll of teleportation for 45 gold pieces
 34423 | Orc:1    | Found a roughly hewn altar of Beogh.
 34831 | Orc:2    | Bought an uncursed ring of protection from magic for 375
                  | gold pieces
 34871 | Orc:2    | Bought a shimmering scale mail for 171 gold pieces
 34871 | Orc:2    | Bought a brightly glowing ring mail for 171 gold pieces
 34871 | Orc:2    | Bought a brightly glowing scale mail for 171 gold pieces
 34881 | Orc:2    | Identified the +0 scale mail "Viaruced" {+Blink Regen+}
                  | (You bought it in a shop on level 2 of the Orcish Mines)
 34891 | Orc:2    | Identified the +2 ring mail "Ygguut" {Int+4} (You bought it
                  | in a shop on level 2 of the Orcish Mines)
 34901 | Orc:2    | Identified the +4 scale mail of Absence {rN+ Int+3 Dex-4
                  | Slay+2} (You bought it in a shop on level 2 of the Orcish
                  | Mines)
 34959 | Orc:2    | Bought an uncursed ring of resist corrosion for 300 gold
                  | pieces
 34960 | Orc:2    | Bought a phial of floods for 600 gold pieces
 35452 | Snake:1  | Entered Level 1 of the Snake Pit
 35814 | Snake:1  | Reached skill level 13 in Fighting
 36613 | Snake:1  | Found Cadwaur's Weapon Emporium.
 37110 | Snake:2  | Noticed a nagaraja
 37123 | Snake:2  | Killed a nagaraja
 37123 | Snake:2  | Reached skill level 10 in Armour
 37389 | Snake:2  | Found Louro's Food Emporium.
 37728 | Snake:2  | Reached skill level 14 in Fighting
 38287 | Snake:3  | Reached XP level 17. HP: 63/112 MP: 24/24
 38531 | Snake:3  | Noticed Roxanne
 38999 | Snake:3  | Reached skill level 15 in Fighting
 39007 | Snake:3  | Noticed Vashnia
 41386 | Snake:3  | Found a large runed door.
 41386 | Snake:3  | Found a large runed door.
 41387 | Snake:3  | Noticed EmperorV's ghost (journeyman DDFi)
 41673 | Snake:4  | Entered Level 4 of the Snake Pit
 41868 | Snake:4  | Reached skill level 16 in Fighting
 42287 | Snake:4  | Noticed Saint Roka
 42326 | Snake:4  | Killed Saint Roka
 42639 | Snake:4  | Got a crude leather armour
 42668 | Snake:4  | Identified the +2 leather armour of Listlessness {rC- rN++
                  | Int+8 Dex-5} (You found it on level 4 of the Snake Pit)
 43199 | Snake:4  | Found a glowing golden altar of the Shining One.
 43305 | Snake:4  | Reached skill level 17 in Fighting
 44633 | Snake:4  | Reached XP level 18. HP: 76/124 MP: 25/25
 44958 | Snake:4  | Reached skill level 18 in Fighting
 45201 | Snake:4  | Got a serpentine rune of Zot
 45684 | Snake:3  | Killed EmperorV's ghost
 45782 | Snake:3  | Identified the Volume of the Lucky Rocks
 45824 | Snake:3  | Killed Roxanne
 45958 | Snake:3  | Killed Vashnia
 46669 | Shoals:1 | Entered Level 1 of the Shoals
 46692 | Lair:4   | HP: 6/125 [merfolk javelineer/javelin of penetration (20)]
 47678 | Shoals:1 | Learned a level 1 spell: Animate Skeleton
 51748 | Shoals:3 | Found Waenuj's Magic Scroll Emporium.
 51757 | Shoals:3 | Bought a scroll of teleportation for 45 gold pieces
 51757 | Shoals:3 | Bought a scroll of identify for 30 gold pieces
 51757 | Shoals:3 | Bought a scroll of enchant weapon for 112 gold pieces
 51757 | Shoals:3 | Bought a scroll of fear for 52 gold pieces
 51757 | Shoals:3 | Bought a scroll of silence for 112 gold pieces
 51757 | Shoals:3 | Bought a scroll of identify for 30 gold pieces
 52462 | Shoals:4 | Entered Level 4 of the Shoals
 52607 | Shoals:4 | Noticed Polyphemus
 53383 | Elf:1    | Entered Level 1 of the Elven Halls
 53620 | Elf:1    | Learned a level 2 spell: Passwall
 53623 | Elf:1    | Learned a level 2 spell: Swiftness
 53640 | Elf:1    | Reached XP level 19. HP: 102/131 MP: 26/26
 54665 | Elf:2    | Reached skill level 19 in Fighting
 55423 | Elf:2    | Found a huge runed gate.
 55423 | Elf:2    | Found a huge runed gate.
 55423 | Elf:2    | Found a huge runed gate.
 55423 | Elf:2    | Found a huge runed gate.
 55423 | Elf:2    | Found a huge runed gate.
 55728 | Elf:2    | Found Toit's Assorted Antiques.
 55967 | Elf:3    | Entered Level 3 of the Elven Halls
 56362 | Elf:3    | Found Ocraitaj's Gadget Boutique.
 56363 | Elf:3    | Found Tyilum's Jewellery Shoppe.
 56364 | Elf:3    | Found Xotwy's Gadget Boutique.
 56501 | Elf:3    | Bought an uncursed ring of protection from cold for 275
                  | gold pieces
 56503 | Elf:3    | Bought an uncursed ring of fire for 275 gold pieces
 56504 | Elf:3    | Bought an uncursed ring of see invisible for 165 gold
                  | pieces
 58143 | Elf:3    | Noticed an Ice Fiend
 58470 | Elf:3    | Noticed a Brimstone Fiend
 59090 | Elf:3    | Noticed a Brimstone Fiend
 59519 | Elf:3    | Reached skill level 20 in Fighting
 59797 | Elf:3    | Got a crude platinum ring
 59948 | Elf:3    | Reached XP level 20. HP: 109/140 MP: 27/27
 60066 | Elf:3    | Identified the ring of Axtuagg {rPois rC+} (You took it off
                  | a deep elf master archer on level 3 of the Elven Halls)
 60081 | Elf:3    | Identified the +6 hunting sling "Judwiet" {velocity, +Blink
                  | rF- rC+ rN+} (You found it on level 3 of the Elven Halls)
 60114 | Elf:3    | Got a coiled bone amulet
 60115 | Elf:3    | Identified the amulet "Toosmep" {Acrobat Str+2 Int+3
                  | Stlth+} (You took it off a deep elf mage on level 3 of the
                  | Elven Halls)
 60527 | Elf:3    | Learned a level 2 spell: Blink
 60533 | Elf:3    | Learned a level 5 spell: Summon Forest
 60540 | Elf:3    | Learned a level 6 spell: Shadow Creatures
 60719 | Elf:2    | Reached skill level 5 in Throwing
 62286 | Lair:6   | Paralysed by a warped demon whip {chaos} for 3 turns
 62775 | Shoals:4 | Noticed Ilsuiw
 62805 | Shoals:4 | Killed Ilsuiw
 62922 | Shoals:4 | Killed Polyphemus
 63023 | Shoals:4 | Got a barnacled rune of Zot
 64091 | Depths:1 | Entered Level 1 of the Depths
 64235 | Depths:1 | Reached skill level 21 in Fighting
 64296 | Depths:1 | Reached skill level 1 in Summonings
 64879 | Depths:1 | Found a gateway to Hell.
 65457 | Depths:1 | Reached skill level 5 in Spellcasting
 65457 | Depths:1 | Reached XP level 21. HP: 144/148 MP: 29/29
 66265 | Depths:1 | Reached skill level 10 in Throwing
 66328 | Depths:1 | Identified Ericaas's Volume of Evil
 66529 | Depths:1 | Reached skill level 5 in Summonings
 66729 | Depths:1 | Identified the +1 cloak "Leroxtet" {*Corrode rF++ Dex+4}
                  | (You found it on level 1 of the Depths)
 67213 | Depths:2 | Found a one-way gate leading to the halls of Pandemonium.
 67283 | Depths:2 | Found Anutz's Jewellery Emporium.
 67449 | Depths:2 | Noticed a juggernaut
 67864 | Depths:2 | Found Podditra's General Store.
 68920 | Depths:2 | Noticed a golden dragon
 68945 | Depths:2 | Killed a golden dragon
 69485 | Orc:2    | Bought a wand of digging (13) for 510 gold pieces
 69876 | Depths:2 | Reached skill level 10 in Summonings
 69902 | Depths:2 | Learned a level 5 spell: Aura of Abjuration
 69906 | Depths:2 | Learned a level 3 spell: Regeneration
 70328 | Depths:3 | Identified the cursed +1 leather armour of Polish {*Drain
                  | rC- Str+6 Slay+6} (You found it on level 3 of the Depths)
 70519 | Depths:3 | Reached XP level 22. HP: 155/155 MP: 35/35
 71795 | Depths:4 | Found a gateway to a ziggurat.
 72227 | Depths:4 | Noticed Louise
 72267 | Depths:4 | Killed Louise
 73135 | Depths:4 | Reached skill level 15 in Armour
 73405 | Depths:4 | Found a one-way gate to the infinite horrors of the Abyss.
 73729 | Depths:5 | Entered Level 5 of the Depths
 73941 | Depths:5 | Found a gate to the Realm of Zot.
 73941 | Depths:5 | Noticed a golden dragon
 73941 | Depths:5 | Noticed a golden dragon
 73947 | Depths:5 | Killed a golden dragon
 73958 | Depths:5 | Killed a golden dragon
 73980 | Depths:5 | Reached XP level 23. HP: 160/160 MP: 34/36
 74478 | Depths:5 | Noticed the Enchantress
 74813 | Depths:5 | Killed the Enchantress
 75179 | Depths:5 | Got faerie dragon scales
 75190 | Depths:5 | Identified the +2 faerie dragon scales {rC- rCorr Int+7
                  | Stlth+} (You took it off the Enchantress on level 5 of the
                  | Depths)
 75714 | Depths:5 | Got a steaming copper ring
 75717 | Depths:5 | Identified the ring "Siskicia" {rCorr -Tele +Inv +Fly SInv}
                  | (You found it on level 5 of the Depths)
 75968 | Vaults:1 | Entered Level 1 of the Vaults
 75968 | Vaults:1 | Found a portal to a secret trove of treasure.
 76706 | Vaults:1 | Found Aritz's Magic Scroll Emporium.
 76711 | Vaults:1 | Bought a scroll of identify for 38 gold pieces
 76711 | Vaults:1 | Bought a scroll of fog for 38 gold pieces
 76711 | Vaults:1 | Bought a scroll of fog for 38 gold pieces
 76711 | Vaults:1 | Bought a scroll of teleportation for 57 gold pieces
 76711 | Vaults:1 | Bought a scroll of magic mapping for 66 gold pieces
 76711 | Vaults:1 | Bought a scroll of identify for 38 gold pieces
 77290 | Vaults:2 | Noticed Asterion
 77327 | Vaults:2 | Killed Asterion
 79912 | Vaults:3 | Reached XP level 24. HP: 127/166 MP: 36/36
 80020 | Vaults:3 | Reached skill level 15 in Summonings
 80748 | Vaults:3 | Found Nulagh's Armour Shop.
 80754 | Vaults:3 | Bought a +2 pair of gloves of strength for 473 gold pieces
 80754 | Vaults:3 | Bought a +1 cloak of magic resistance for 363 gold pieces
 81076 | Vaults:3 | Found a staircase to the Crypt.
 81477 | Vaults:4 | Reached skill level 5 in Shields
 82764 | Vaults:5 | Entered Level 5 of the Vaults
 82865 | Vaults:4 | Reached skill level 1 in Translocations
 84290 | Orc:2    | Bought runed fire dragon scales for 1197 gold pieces
 85104 | Lair:5   | Killed CcS's ghost
 85143 | Slime:1  | Entered Level 1 of the Pits of Slime
 85317 | Slime:2  | Reached skill level 10 in Shields
 85462 | Slime:3  | Learned a level 5 spell: Summon Demon
 85736 | Slime:5  | Entered Level 5 of the Pits of Slime
 85785 | Slime:5  | Reached XP level 25. HP: 152/171 MP: 7/36
 85924 | Slime:5  | Noticed the Royal Jelly
 85950 | Slime:5  | Gained mutation: Your muscles are strong. (Str +2) [a
                  | shining eye]
 86436 | Slime:5  | Found a viscous altar of Jiyva.
 86483 | Slime:5  | Killed the Royal Jelly
 86555 | Slime:5  | Identified Azocwaob's Catalogue of Enchanting
                  | Transmigration
 86597 | Slime:5  | Identified the ring "Ezaimyz" {rN+ Str-2 Dex+2 SInv Stlth+}
                  | (You found it on level 5 of the Pits of Slime)
 86598 | Slime:5  | Identified a scroll of acquirement
 86599 | Slime:5  | Identified the amulet "Qaega" {Harm *Drain rElec MR+++
                  | Int+6 Stlth-} (You acquired it on level 5 of the Pits of
                  | Slime)
 86607 | Slime:5  | Got a brightly glowing jade ring
 86608 | Slime:5  | Identified the ring "Gacec" {Int+3 Dex+4 Stlth+} (You found
                  | it on level 5 of the Pits of Slime)
 86625 | Slime:5  | Got a slimy rune of Zot
 86627 | Slime:5  | Got a warped amber ring
 86650 | Slime:5  | Identified the ring "Qoila" {Ice Slay+3 Stlth+} (You found
                  | it on level 5 of the Pits of Slime)
 86651 | Slime:5  | Identified the ring "Mimput" {*Tele +Blink +Fly} (You found
                  | it on level 5 of the Pits of Slime)
 86720 | Slime:5  | Reached XP level 26. HP: 177/177 MP: 36/36
 87199 | Slime:2  | Noticed Dissolution
 87212 | Slime:2  | Killed Dissolution
 88110 | Zot:1    | Entered Level 1 of the Realm of Zot
 88196 | Zot:1    | Reached skill level 1 in Stealth
 88742 | Zot:1    | Reached skill level 15 in Shields
 89361 | Zot:1    | Reached skill level 5 in Stealth
 89487 | Zot:1    | Got a pitted bronze ring
 89612 | Zot:1    | Identified the ring of Hyteshatz {rCorr rPois rF+ rC+} (You
                  | took it off a draconian annihilator on level 1 of the Realm
                  | of Zot)
 90461 | Zot:5    | Entered Level 5 of the Realm of Zot
 90501 | Zot:5    | Reached XP level 27. HP: 176/184 MP: 36/36
 90646 | Zot:5    | Reached skill level 22 in Fighting
 90713 | Zot:5    | Noticed an ancient lich
 90747 | Zot:5    | Killed an ancient lich
 90851 | Zot:5    | Noticed an orb of fire
 90865 | Zot:5    | Gained mutation: Scrolls take you a little longer to read.
                  | [an orb of fire]
 90880 | Zot:5    | Gained mutation: Armour fits poorly on your strangely
                  | shaped body. [an orb of fire]
 90881 | Zot:5    | Gained mutation: You are dopey. (Int -2) [an orb of fire]
 90883 | Zot:5    | Gained mutation: You occasionally shout uncontrollably at
                  | your foes. [an orb of fire]
 90884 | Zot:5    | Gained mutation: Your magical capacity is low. (-10% MP)
                  | [an orb of fire]
 90886 | Zot:5    | Gained mutation: Scrolls take you longer to read. [an orb
                  | of fire]
 90888 | Zot:5    | Killed an orb of fire
 91018 | Zot:5    | HP: 9/186 [acid (8)]
 91317 | Zot:5    | Identified the +9 great sword of Riwaow {freeze, Int+6
                  | Stlth-} (You took it off a yellow draconian on level 5 of
                  | the Realm of Zot)
 91330 | Zot:5    | Identified the Compendium of Vitriolic Lightness
 91355 | Zot:5    | Lost mutation: Scrolls take you longer to read. [potion of
                  | mutation]
 91355 | Zot:5    | Lost mutation: Your magical capacity is low. (-10% MP)
                  | [potion of mutation]
 91355 | Zot:5    | Lost mutation: Scrolls take you a little longer to read.
                  | [potion of mutation]
 91355 | Zot:5    | Gained mutation: You are clumsy. (Dex -2) [potion of
                  | mutation]
 91355 | Zot:5    | Gained mutation: You passively map a small area around you.
                  | [potion of mutation]
 91356 | Zot:5    | Lost mutation: You passively map a small area around you.
                  | [potion of mutation]
 91356 | Zot:5    | Lost mutation: Armour fits poorly on your strangely shaped
                  | body. [potion of mutation]
 91356 | Zot:5    | Lost mutation: You are dopey. (Int -2) [potion of mutation]
 91356 | Zot:5    | Gained mutation: You are frail. (-10% HP) [potion of
                  | mutation]
 91356 | Zot:5    | Lost mutation: You are clumsy. (Dex -2) [potion of
                  | mutation]
 91360 | Zot:5    | Lost mutation: You occasionally shout uncontrollably at
                  | your foes. [potion of mutation]
 91360 | Zot:5    | Lost mutation: You are frail. (-10% HP) [potion of
                  | mutation]
 91360 | Zot:5    | Gained mutation: Scrolls take you a little longer to read.
                  | [potion of mutation]
 91360 | Zot:5    | Gained mutation: Your movements are slightly less
                  | encumbered by armour. (ER -2) [potion of mutation]
 91360 | Zot:5    | Gained mutation: You are partially covered in iridescent
                  | scales. (AC +2) [potion of mutation]
 91426 | Zot:5    | Noticed an ancient lich
 91477 | Zot:5    | Noticed an orb of fire
 91582 | Zot:5    | Gained mutation: Your body sometimes deteriorates upon
                  | taking damage. [an orb of fire]
 91585 | Zot:5    | Killed an orb of fire
 91896 | Zot:5    | Killed an ancient lich
 92187 | Zot:5    | Noticed an orb of fire
 92933 | Zot:5    | Noticed an ancient lich
 92941 | Zot:5    | Killed an ancient lich
 92941 | Zot:5    | Reached skill level 23 in Fighting
 93343 | Zot:5    | Reached skill level 10 in Stealth
 93586 | Zot:5    | Learned a level 1 spell: Summon Butterflies
 93690 | Zot:5    | Killed an orb of fire
 93690 | Zot:5    | Reached skill level 1 in Transmutations
 93956 | Zot:5    | HP: 3/188 [green draconian knight/bardiche (15)]
 93959 | Zot:5    | HP: 1/188 [purple draconian stormcaller/divine providence
                  | (16)]
 95354 | Zot:5    | Noticed an orb of fire
 95371 | Zot:5    | Gained mutation: Armour fits poorly on your strangely
                  | shaped body. [an orb of fire]
 95380 | Zot:5    | Killed an orb of fire
 96489 | Zot:5    | Lost mutation: Your muscles are strong. (Str +2) [potion of
                  | mutation]
 96489 | Zot:5    | Lost mutation: You are partially covered in iridescent
                  | scales. (AC +2) [potion of mutation]
 96489 | Zot:5    | Gained mutation: You are partially covered in yellow
                  | scales. (AC +2) [potion of mutation]
 96489 | Zot:5    | Gained mutation: Your flesh is heat resistant. (rF+)
                  | [potion of mutation]
 96490 | Zot:5    | Lost mutation: Your body sometimes deteriorates upon taking
                  | damage. [potion of mutation]
 96490 | Zot:5    | Lost mutation: Scrolls take you a little longer to read.
                  | [potion of mutation]
 96490 | Zot:5    | Gained mutation: You are somewhat resistant to further
                  | mutation. [potion of mutation]
 96770 | Zot:5    | Got the Orb of Zot
 96808 | Zot:5    | Reached skill level 10 in Invocations
 96957 | Zot:1    | Noticed Jizanuot the pandemonium lord
 97445 | D:6      | Noticed Illaeth the pandemonium lord
 97502 | D:6      | Killed Illaeth the pandemonium lord
 97676 | D:$      | Escaped with the Orb!

Vault maps used:
D:1:      saegor_arrival_miasma, st_stairs_13
D:2:      lemuel_crystal_altar, minmay_misc_feat_hallway, st_stairs_9,
          uniq_natasha
D:3:      minmay_roachtagon, chequers_ecumenical_altar_simple_redux
D:4:      bloody_trog, first_ration
D:6:      vehumet_crystals, hangedman_abyss_or_decor_stagger
D:7:      minitemple, minmay_temple_entry_butterflies, serial_park_tiny_pond,
          uniq_menkaure
D:8:      dpeg_oklobed_lair, hangedman_ranch
D:9:      uniq_maurice
D:10:     erik_orc_1, minmay_st_funbox
D:11:     minmay_wavy_crystal, hangedman_abyss_or_decor_lesser_grid,
          uniq_erolcha, uniq_harold, uniq_josephine
D:12:     serial_column_ruins, column_ruins_square_large, column_ruins_grid_2,
          column_ruins_grid_3, column_ruins_open_tiny,
          column_ruins_corridor_plus, column_ruins_open_tiny_water,
          column_ruins_open_small_water, portal_ice_cave_entry_pillars_2
D:13:     cheibrodos_shockbox
D:14:     grunt_vaults_entry_tiered, lab_entry_generic, basic_altar,
          nemelex_xobeh_ov_fountains_minmay, uniq_kirke
D:15:     grunt_enter_depths_giant_problem, minmay_misc_feat_enclosed,
          uniq_nessos
Temple:   nicolae_temple_elliptical
Lair:1:   hibernation_bobbens
Lair:2:   grunt_megastairs_5, serial_bayou_shore_a
Lair:3:   minmay_snake_entry_guardpost_medium
Lair:4:   elwin_shoals_entry_stream, nicolae_volcano_entry_s_turn, st_stairs_13,
          lemuel_fruit_fields, uniq_snorg
Lair:6:   guppyfry_lair_end_dragon, hangedman_lair_caniforms_friends,
          slime_altar_1, ebering_ghost_xom, hangedman_lair_unloving_vines,
          infiniplex_staircase_pool
Shoals:2: cheibrodos_shoals_oceanic_diplomacy, kb_tengu_band
Shoals:3: serial_shops, shop
Shoals:4: shoals_end_simple, shoals_ilsuiw_ice, uniq_polyphemus
Snake:1:  serial_shops, shop
Snake:2:  serial_shops, nicolae_shop_behind_doors, special_room,
          serial_bayou_shore_b, grunt_megastairs_2
Snake:3:  ebering_ghost_disaster_area, uniq_vashnia, uniq_roxanne
Snake:4:  minmay_snake_end_coiled, basic_altar, spider_trap, uniq_saint_roka
Slime:1:  nicolae_slime_jelly_donut
Slime:2:  cheibrodos_slime_lost_civilization_9, uniq_dissolution
Slime:4:  nicolae_slime_phagocytosis
Orc:1:    basic_altar
Orc:2:    st_orc_congregation, uniq_urug, uniq_sonja
Elf:1:    elf_arrival_002, hangedman_elf_disciples
Elf:2:    serial_shops, shop
Elf:3:    elf_hall, minmay_shop_grove
Vaults:1: vaults_room_ringed_pool, hangedman_vaults_impose,
          hangedman_vaults_restitches, ontoclasm_vaults_hangar,
          nicolae_vaults_diagonal_hallway_6, hangedman_vaults_variations,
          v_misc_14, serial_shops, shop, enter_trove_1
Vaults:2: st_check, vaults_room_octagon, v_pattern_2, dpeg_vaults_monster_box,
          vaults_mumra_hexcomb, vaults_mumra_lcd, grunt_vaults_funnel,
          nicolae_vaults_little_squares_1, hangedman_vaults_cutoff,
          uniq_asterion
Vaults:3: minmay_crypt_entry_simple_round, grunt_vaults_diagonal,
          nicolae_vaults_network_star, nicolae_vaults_good_morning_starshine,
          grunt_vaults_twisty, v_misc_26, v_misc_1, hangedman_vaults_impose,
          ontoclasm_vaults_gateway, serial_shops,
          nicolae_shop_competitors_out_of_business
Vaults:4: v_pattern_5, v_misc_5, vaults_dpeg_hooks, hangedman_vaults_hat,
          hangedman_vaults_nails, vaults_room_hallway, nicolae_vaults_big_ls,
          vaults_room_fours, nicolae_vaults_diagonal_hallway_8,
          nicolae_vaults_hallways_thing
Vaults:5: serial_shops, uniq_mennas
Depths:1: grunt_hell_horde, nicolae_wwwww, minmay_fire_ice_demons
Depths:2: evilmike_inaccessible_box, serial_shops, shop, kennysheep_mini_moat,
          hell_entry, grunt_pan_entry_spiral, corexii_hall_statues_deadend,
          dk_noncrumbling_2, minmay_staircase_windowed_small
Depths:3: hangedman_surveillance_ring, grunt_pan_entry_sceptre,
          grunt_decor_fettered, pf_coc_iceberg,
          infiniplex_staircase_spiral_double
Depths:4: minmay_box_of_statues, enter_ziggurat_d, hell_entry,
          nicolae_abyss_entry_one_way_or_another, minmay_misc_feat_plants,
          minmay_liquid_box, kennysheep_generic_room_8
Depths:5: grunt_zot_entry_funnels, hell_entry, serial_bayou_pond_c,
          minmay_metal_thing, uniq_enchantress
Zot:2:    ebering_ghost_xom
Zot:3:    gammafunk_ghost_necromancy, grunt_megastairs_4
Zot:4:    gammafunk_the_bubble, lemuel_baited_zot_trap, grunt_megastairs_3
Zot:5:    grunt_ministairs_5
Lab:      labyrinth_hidden_loot
IceCv:    ice_cave_tombish
Volcano:  volcano_lake

Skill      XL: |  1  2  3  4  5  6  7  8  9 10 11 12 13 14 15 16 17 18 19 20 21 22 23 24 25 26 27 |
---------------+----------------------------------------------------------------------------------+-----
Dodging        | 1 2 4 5 6 8 10 11 12 13 16 17 18 19 20 | 20.0
Fighting       | 4 6 8 9 11 12 14 17 18 20 21 23 | 23.7
Short Blades   | 4 |  4.3
Shields        | 4 10 13 15 | 15.0
Axes           | 2 |  2.1
Armour         | 6 7 10 12 14 15 16 18 | 18.0
Evocations     | 2 4 6 |  6.0
Invocations    | 3 4 7 8 10 | 10.6
Long Blades    | 4 11 12 13 14 15 16 18 | 18.0
Throwing       | 4 9 12 13 | 13.0
Necromancy     | 3 |  3.0
Spellcasting   | 4 5 8 |  8.0
Summonings     | 3 10 13 14 15 | 15.0
Translocations | 4 |  4.0
Stealth        | 6 10 | 10.0
Transmutations | 2 |  2.0

Action                   |  1- 3 |  4- 6 |  7- 9 | 10-12 | 13-15 | 16-18 | 19-21 | 22-24 | 25-27 || total
-------------------------+-------+-------+-------+-------+-------+-------+-------+-------+-------++-------
Melee: Short sword       |    81 |   176 |    57 |       |       |       |       |       |       ||   314
       Kick              |    18 |    46 |    89 |   235 |   428 |   595 |   732 |  1224 |   627 ||  3994
       Peck              |    14 |    28 |    59 |   134 |   305 |   352 |   471 |   813 |   402 ||  2578
       Dagger            |       |    18 |    41 |    70 |       |       |       |       |       ||   129
       Hand axe          |       |       |   168 |   120 |       |       |       |       |       ||   288
       Falchion          |       |       |       |    42 |       |       |       |       |       ||    42
       Scimitar          |       |       |       |   322 |    25 |       |       |       |       ||   347
       Morningstar       |       |       |       |     4 |       |       |       |       |       ||     4
       Great sword       |       |       |       |    93 |   964 |  1200 |  1343 |  1820 |   754 ||  6174
       Demon blade       |       |       |       |       |       |       |       |    26 |   177 ||   203
 Fire: Blowgun           |    12 |     3 |       |     9 |       |       |       |       |       ||    24
Throw: Stone             |     6 |     2 |     5 |       |       |       |       |       |       ||    13
       Javelin           |       |       |       |       |     1 |       |     4 |     5 |    49 ||    59
       Throwing net      |       |       |       |       |       |       |       |       |     2 ||     2
 Cast: Apportation       |       |       |       |     2 |       |       |       |       |    15 ||    17
       Animate Skeleton  |       |       |       |       |       |    11 |    53 |    18 |     8 ||    90
       Shadow Creatures  |       |       |       |       |       |       |       |     2 |     8 ||    10
       Blink             |       |       |       |       |       |       |       |     2 |       ||     2
       Regeneration      |       |       |       |       |       |       |       |       |     9 ||     9
       Passwall          |       |       |       |       |       |       |       |       |     1 ||     1
       Summon Forest     |       |       |       |       |       |       |       |       |     1 ||     1
Invok: Shadow Step       |       |       |       |       |     1 |       |       |       |       ||     1
       Shadow Form       |       |       |       |       |       |       |       |       |     2 ||     2
 Abil: Fly               |       |     7 |     6 |    15 |     9 |       |     1 |     2 |       ||    40
       Evoke Berserk Rag |       |       |       |     1 |     5 |     2 |       |       |       ||     8
       Stop Flying       |       |       |       |       |       |       |     1 |     2 |       ||     3
Evoke: Wand              |       |     1 |     5 |    16 |    24 |    40 |    17 |     3 |     5 ||   111
       Phial of floods   |       |       |       |       |       |     1 |     1 |     2 |     2 ||     6
       Sack of spiders   |       |       |       |       |       |       |     2 |       |       ||     2
       Lightning rod     |       |       |       |       |       |       |       |       |     4 ||     4
  Use: Scroll            |     2 |     4 |     7 |    12 |    20 |    22 |    25 |    22 |    29 ||   143
       Potion            |       |       |     1 |     1 |     5 |    17 |     7 |    13 |    27 ||    71
 Stab: Sleeping          |     4 |       |       |     1 |    16 |       |     6 |     1 |     2 ||    30
       Paralysed         |       |       |       |     6 |    22 |    10 |     8 |       |       ||    46
       Distracted        |       |       |       |       |     2 |     4 |     6 |     8 |    10 ||    30
       Petrified         |       |       |       |       |       |       |     2 |       |       ||     2
       Held in net/web   |       |       |       |       |       |       |       |       |     2 ||     2
       Invisible         |       |       |       |       |       |       |       |       |     1 ||     1
  Eat: Chunk             |     3 |     9 |    12 |    31 |    23 |    21 |    10 |     9 |     1 ||   119
       Ration            |     1 |       |     1 |       |     9 |    13 |    15 |    14 |    18 ||    71
Armor: Robe              |    13 |     3 |       |    13 |     6 |       |       |       |       ||    35
       Leather armour    |       |    38 |    25 |       |    95 |     6 |       |       |       ||   164
       Ring mail         |       |       |    21 |    89 |     1 |    63 |    24 |       |       ||   198
       Swamp dragon scal |       |       |       |       |       |    92 |   128 |       |       ||   220
       Ice dragon scales |       |       |       |       |       |       |    43 |   181 |    42 ||   266
       Fire dragon scale |       |       |       |       |       |       |       |   138 |   164 ||   302
Dodge: Dodged            |    43 |   125 |   184 |   496 |  1209 |  1475 |  1532 |  2459 |  1029 ||  8552
       Deflected         |       |       |       |       |       |       |       |    16 |       ||    16
Block: Buckler           |       |       |    27 |   119 |       |       |       |       |       ||   146
       Shield            |       |       |       |       |       |       |       |     8 |   112 ||   120
       Rpst.: Scimitar   |       |       |       |    57 |     4 |       |       |       |       ||    61
       Falchion          |       |       |       |     7 |       |       |       |       |       ||     7
       Great sword       |       |       |       |    26 |   288 |   278 |   311 |   518 |   173 ||  1594
       Demon blade       |       |       |       |       |       |       |       |     1 |    30 ||    31

Table legend:
 A = Non-vault XP
 B = Vault XP
 C = Vault XP percentage of total XP
 D = Non-vault monster count
 E = Vault monster count
 F = Vault count percentage of total count
                 A         B        C        D         E       F
            +---------+---------+-------+---------+---------+-------
      Total |  672324 |  650174 |  49.2 |    1453 |     846 |  36.8
            +---------+---------+-------+---------+---------+-------
        D:1 |      44 |       0 |   0.0 |      17 |       0 |   0.0
        D:2 |      54 |      46 |  46.0 |      20 |       4 |  16.7
        D:3 |     240 |      24 |   9.1 |      33 |      12 |  26.7
        D:4 |     333 |       0 |   0.0 |      22 |       0 |   0.0
        D:5 |     639 |       0 |   0.0 |      14 |       0 |   0.0
        D:6 |    1405 |       0 |   0.0 |      26 |       0 |   0.0
        D:7 |    1155 |     172 |  13.0 |      28 |       1 |   3.4
        D:8 |    1843 |    2127 |  53.6 |      31 |       8 |  20.5
        D:9 |    1266 |     472 |  27.2 |      17 |       1 |   5.6
       D:10 |    5271 |    2512 |  32.3 |      47 |      25 |  34.7
       D:11 |    3776 |    6017 |  61.4 |      20 |      10 |  33.3
       D:12 |    5784 |       0 |   0.0 |      42 |       0 |   0.0
       D:13 |    8007 |     770 |   8.8 |      25 |       1 |   3.8
       D:14 |   10960 |   10378 |  48.6 |      39 |      30 |  43.5
       D:15 |    9005 |    3135 |  25.8 |      31 |       2 |   6.1
     Lair:1 |    5298 |     560 |   9.6 |      21 |       2 |   8.7
     Lair:2 |    3183 |      93 |   2.8 |      18 |       1 |   5.3
     Lair:3 |    3076 |     477 |  13.4 |      17 |       3 |  15.0
     Lair:4 |    3256 |    2711 |  45.4 |      12 |       6 |  33.3
     Lair:5 |    3604 |    1052 |  22.6 |      13 |       1 |   7.1
     Lair:6 |    3921 |   15802 |  80.1 |      17 |      73 |  81.1
   Shoals:1 |   14049 |       0 |   0.0 |      29 |       0 |   0.0
   Shoals:2 |    8906 |    5981 |  40.2 |      19 |      12 |  38.7
   Shoals:3 |   17722 |     825 |   4.4 |      43 |       1 |   2.3
   Shoals:4 |    8548 |   26476 |  75.6 |      21 |      44 |  67.7
    Snake:1 |   18552 |       0 |   0.0 |      36 |       0 |   0.0
    Snake:2 |   18758 |    1590 |   7.8 |      42 |       4 |   8.7
    Snake:3 |   14331 |   10238 |  41.7 |      25 |       6 |  19.4
    Snake:4 |   23150 |   31860 |  57.9 |      40 |      57 |  58.8
    Slime:1 |    4959 |     366 |   6.9 |      14 |       9 |  39.1
    Slime:2 |   15799 |   12949 |  45.0 |      39 |       1 |   2.5
    Slime:3 |    4952 |       0 |   0.0 |       9 |       0 |   0.0
    Slime:4 |   23775 |    3125 |  11.6 |      54 |       5 |   8.5
    Slime:5 |   14088 |   24135 |  63.1 |      22 |       6 |  21.4
      Orc:1 |    1922 |       0 |   0.0 |      17 |       0 |   0.0
      Orc:2 |    1552 |   12631 |  89.1 |      15 |      67 |  81.7
      Elf:1 |    9466 |    6809 |  41.8 |      18 |      12 |  40.0
      Elf:2 |   15430 |   29341 |  65.5 |      24 |      31 |  56.4
      Elf:3 |   18503 |   32007 |  63.4 |      30 |      23 |  43.4
   Vaults:1 |   10019 |    9730 |  49.3 |      26 |      15 |  36.6
   Vaults:2 |   24481 |   23684 |  49.2 |      44 |      28 |  38.9
   Vaults:3 |   23038 |   35455 |  60.6 |      37 |      60 |  61.9
   Vaults:4 |   16798 |   38102 |  69.4 |      39 |      52 |  57.1
   Depths:1 |   42642 |    9800 |  18.7 |      64 |      35 |  35.4
   Depths:2 |   38811 |   38387 |  49.7 |      52 |      39 |  42.9
   Depths:3 |   31014 |    4684 |  13.1 |      39 |      16 |  29.1
   Depths:4 |   39840 |   26391 |  39.8 |      51 |      23 |  31.1
   Depths:5 |   12045 |   46121 |  79.3 |      15 |      34 |  69.4
      Zot:1 |   59609 |       0 |   0.0 |      36 |       0 |   0.0
      Zot:3 |    4993 |    9601 |  65.8 |       2 |       6 |  75.0
      Zot:4 |    3148 |    1938 |  38.1 |       2 |       1 |  33.3
      Zot:5 |   59304 |  150854 |  71.8 |      39 |      39 |  50.0
        Lab |       0 |    1573 | 100.0 |       0 |       2 | 100.0
      IceCv |       0 |    4826 | 100.0 |       0 |      22 | 100.0
    Volcano |       0 |    4347 | 100.0 |       0 |      16 | 100.0
            +---------+---------+-------+---------+---------+-------
